Map: Port Aleksander LE

Players

Special

  • Race: Terran Terran
  • League: Master
  • Spawn Location: 11:00

Neeb - Winner!

  • Race: Protoss Protoss
  • Spawn Location: 5:00

Event: 2019 WCS Spring

VOD

Have the link to the VOD?

Description

Time

  • Played on: May 19, 2019, 10:41 a.m.
  • Length: 8:09

All games in this series

Show
View Real Time Build Order
Export as new Build Order

Special Terran 

Build Orders: Reaper Expand, Mech 

Get SALT Encoding   

  12  0:00  SCV  
  13  0:12  SCV  
  14  0:18  Supply Depot  
  14  0:24  SCV  
  15  0:39  SCV  
  15  0:40  Barracks  
  16  0:44  Refinery  
  16  0:51  SCV  
  17  1:03  SCV  
  18  1:15  SCV  
  19  1:28  Orbital Command  
  19  1:29  Reaper  
  20  1:43  Command Center  
  20  1:52  Supply Depot  
  20  1:54  SCV  
  20  2:00  Marine  
  22  2:07  Factory  
  22  2:09  SCV  
  23  2:18  Marine  
  23  2:21  SCV  
  25  2:23  Refinery  
  25  2:33  SCV  
  25  2:36  Barracks Tech Lab  
  26  2:46  SCV  
  27  2:56  Orbital Command  
  27  2:58  SCV  
  26  3:07  Cyclone, Barracks Reactor  
  26  3:10  SCV  
  29  3:20  Command Center  
  29  3:22  SCV  
  29  3:25  SCV  
  31  3:34  SCV  
  31  3:37  SCV  
  31  3:39  Starport  
  33  3:42  Widow Mine  
  33  3:44  Marine  
  33  3:46  SCV, Marine  
  38  3:50  SCV  
  39  3:58  Supply Depot  
  39  3:59  SCV  
  41  4:02  SCV  
  41  4:03  Cyclone  
  41  4:06  Marine x2  
  46  4:14  SCV  
  45  4:21  SCV  
  42  4:24  Marine x2  
  42  4:26  SCV  
  42  4:27  Viking  
  42  4:33  SCV  
  42  4:40  SCV x2  
  42  4:42  Marine x2  
  44  4:48  Liberator  
  44  4:50  Cyclone  
  44  4:52  SCV x2  
  48  4:57  Orbital Command  
  48  5:04  SCV  
  52  5:08  SCV  
  52  5:11  Marine x2  
  55  5:16  SCV  
  55  5:20  Mag-Field Accelerator  
  55  5:21  SCV  
  57  5:25  Cyclone  
  57  5:26  SCV  
  57  5:28  SCV, Supply Depot  
  62  5:30  Marine x2  
  62  5:34  SCV  
  65  5:38  SCV  
  65  5:42  Refinery  
  66  5:43  Refinery  
  66  5:44  SCV  
  66  5:46  SCV  
  66  5:48  Viking  
  66  5:49  Marine x2  
  67  5:51  Supply Depot  
  67  5:54  SCV  
  70  6:00  SCV x2  
  70  6:02  Cyclone  
  75  6:07  Marine x2  
  77  6:13  SCV  
  78  6:22  Factory  
  77  6:25  Factory  
  77  6:27  SCV  
  77  6:28  Marine x2  
  77  6:34  Cyclone  
  77  6:36  Orbital Command  
  77  6:38  SCV  
  80  6:42  SCV  
  80  6:46  Supply Depot  
  83  6:50  SCV  
  84  6:54  SCV  
  82  7:02  SCV  
  82  7:04  Liberator  
  82  7:05  SCV  
  82  7:06  SCV  
  86  7:14  Siege Tank  
  86  7:15  SCV  
  83  7:17  SCV  
  83  7:19  SCV  
  83  7:23  Supply Depot  
  83  7:26  Factory, Refinery  
  83  7:27  SCV, Factory, Refinery  
  83  7:29  SCV, Supply Depot  
  85  7:30  Supply Depot  
  85  7:31  SCV  
  85  7:33  Hellion x2, Barracks Tech Lab  
  90  7:39  SCV  
  90  7:41  SCV, Bunker  
  90  7:43  SCV  
  90  7:51  SCV  
  87  7:55  SCV  
  88  8:03  Barracks Reactor  
Show
View Real Time Build Order
Export as new Build Order

Neeb Protoss - Winner!

Build Orders: 1 Gate Expand, Phoenix Opening 

Get SALT Encoding   

  12  0:00  Probe  
  13  0:12  Probe  
  14  0:18  Pylon  
  14  0:24  Probe  
  15  0:32  Probe  
  15  0:38  Gateway  
  15  0:40  Probe  
  16  0:47  Assimilator  
  17  0:51  Probe  
  18  1:03  Probe  
  19  1:15  Probe  
  20  1:25  Cybernetics Core  
  20  1:36  Nexus  
  20  1:37  Probe  
  21  1:46  Pylon  
  21  1:50  Probe  
  21  1:52  Assimilator  
  21  1:54  Adept  
  22  2:02  Probe  
  25  2:14  Probe  
  25  2:15  Adept  
  26  2:25  Pylon  
  26  2:26  Probe  
  29  2:32  Stargate  
  29  2:37  Adept  
  29  2:38  Probe  
  29  2:40  Warp Gate  
  30  2:49  Probe  
  30  2:50  Probe  
  34  3:01  Probe  
  34  3:03  Probe  
  34  3:07  Phoenix  
  34  3:09  Adept  
  36  3:13  Probe  
  36  3:15  Probe  
  40  3:26  Probe  
  41  3:27  Probe  
  41  3:29  Pylon  
  41  3:30  Phoenix  
  44  3:38  Probe  
  44  3:39  Probe  
  46  3:49  Gateway  
  46  3:50  Probe, Gateway  
  46  3:51  Phoenix, Probe  
  48  4:02  Probe  
  51  4:03  Probe, Pylon  
  51  4:14  Phoenix, Probe  
  51  4:15  Probe  
  54  4:26  Probe  
  54  4:30  Probe  
  56  4:32  Assimilator  
  56  4:34  Assimilator  
  56  4:39  Phoenix  
  56  4:41  Probe  
  57  4:49  Probe  
  57  4:50  Nexus  
  57  4:52  Pylon  
  54  4:54  Probe  
  54  4:58  Robotics Facility  
  53  5:01  Probe  
  53  5:06  Probe  
  55  5:09  Phoenix  
  55  5:11  Forge  
  55  5:13  Twilight Council  
  57  5:17  Pylon  
  57  5:20  Probe x2  
  59  5:25  Stalker  
  59  5:27  Stalker  
  63  5:30  Stalker  
  65  5:35  Pylon  
  65  5:38  Shield Battery  
  65  5:42  Shield Battery  
  65  5:53  Immortal, Protoss Ground Armor Level 1, Probe x2  
  71  5:57  Charge  
  71  6:01  Probe x3  
  71  6:09  Probe  
  74  6:11  Sentry x2  
  74  6:12  Assimilator  
  74  6:17  Gateway  
  79  6:21  Gateway  
  79  6:22  Gateway  
  79  6:23  Immortal  
  79  6:27  Stalker  
  85  6:37  Gateway  
  85  6:41  Gateway  
  85  6:42  Stalker  
  85  6:47  Stalker  
  85  6:52  Warp Prism  
  82  6:54  Probe x2  
  82  7:00  Stalker  
  84  7:11  Probe x2  
  84  7:13  Probe  
  83  7:20  Zealot x4  
  89  7:23  Probe  
  89  7:24  Probe  
  91  7:31  Zealot x3  
  91  7:33  Probe  
  91  7:35  Probe  
  99  7:40  Pylon x2  
  99  7:41  Pylon  
  97  7:52  Zealot x2  
  97  7:57  Zealot  
  101  7:59  Zealot x5  
  106  8:08  Assimilator  
Tags
 
Add a new tag
Caveats
  • Supply blocks, unpowered buildings, or Contaminate may cause inaccurate times.
  • Supply counts are checked every 10 seconds.